 Dungeon Crawl Stone Soup version 0.31.0-11-ge490571c62 (webtiles) character file.

Game seed: 6553387190381880496

403 qw the Shooter (level 6, -4/30 HPs)
             Began as a Spriggan Hunter on Feb 4, 2024.
             Slain by a hornet (11 damage)
             ... on level 5 of the Dungeon.
             The game lasted 00:00:13 (3165 turns).

qw the Shooter (Spriggan Hunter)                    Turns: 3165, Time: 00:00:13

Health: -4/30      AC:  2    Str:  7    XL:     6   Next: 55%
Magic:  7/7        EV: 21    Int: 11    God:
Gold:   298        SH:  5    Dex: 20    Spells: 5/5 levels left

rFire   . . .        a - +0 shortbow
rCold   . . .        (shield currently unavailable)
rNeg    . . .        c - +0 robe
rPois   .            (helmet restricted)
rElec   .            (no cloak)
rCorr   .            (gloves unavailable)
SInv    +            (boots unavailable)
Will    +....        h - amulet of reflection
Stlth   ++           (no ring)
HPRegen 0.25/turn    (no ring)
MPRegen 0.10/turn

%: reflection
@: lethally poisoned (-4 -> -7), marked, very quick
A: very small, no large weapons, unfitting armour, see invisible, speed 3
a: no special abilities


You were on level 5 of the Dungeon.
You visited 1 branch of the dungeon, and saw 5 of its levels.

You collected 298 gold pieces.


Innate Abilities, Weirdness & Mutations

You are very small and have problems with some larger weapons.
You are too small for most types of armour.
You have supernaturally acute eyesight. (SInv)
You cover ground extremely quickly. (Speed+++)


   Skills:
 - Level 2.0 Fighting
 + Level 6.5 Ranged Weapons
 - Level 6.1 Dodging
 - Level 1.5 Stealth


You had 5 spell levels left.
You didn't know any spells.
Your spell library was empty.

Inventory:

Hand Weapons
 a - a +0 shortbow (weapon)
Armour
 c - a +0 robe (worn)
Jewellery
 b - a ring of fire
 h - an amulet of reflection (around neck)
Wands
 e - a wand of roots (9)
Scrolls
 i - 2 scrolls of teleportation
 k - a scroll of enchant armour
Potions
 d - 5 potions of curing
 g - a potion of heal wounds
 j - a potion of mutation {unknown}

Dungeon Overview and Level Annotations

Branches:
Dungeon (5/15)
 Temple: D:4-7

Altars:
Sif Muna
The Shining One


Message History

You see here 2 poisoned darts.
A malevolent force fills the Dungeon...
With a horrendous wail, an alarm goes off!
A sentinel's mark forms upon you.
You hear an angry buzzing noise.
You hear a shout! x2; You hear an angry hiss.
You hear a shout! x3
A hornet comes into view.
3154 ||| FLEEEEING.
3155 ||| FLEEEEING.
3156 ||| FLEEEEING.
3157 ||| FLEEEEING.
3158 ||| FLEEEEING.
You start waiting.
A hornet is nearby!
You shoot an arrow. The arrow closely misses the hornet.
The hornet barely misses you.
You shoot an arrow. The arrow hits the hornet.
The hornet is lightly wounded.
The hornet misses you. The hornet stings you!
You are poisoned.
You feel yourself slow down.
You shoot an arrow. The arrow hits the hornet.
The hornet is moderately wounded.
You feel yourself speed up.
You feel very sick. The hornet misses you. The hornet closely misses you.
An adder comes into view.
The hornet completely misses you.
You shoot an arrow.
The arrow hits the hornet but does no damage.
The hornet is moderately wounded.
You feel sick. The hornet misses you.
You shoot an arrow. The arrow closely misses the hornet.
The arrow hits the adder!
The adder is heavily wounded.
You feel sick. You block the hornet's attack. The hornet closely misses you.
You shoot an arrow. The arrow hits the hornet!
The hornet is severely wounded.
You feel sick. The hornet stings you!
You die...

#####........# #.#
#............# #.# #
#.###.)......#
#.##.#
#.###........#
#....#
#............####.#
##........#.....##y#
....(.....#####.##.#
###.......# #.##.#
#.......# #.@yS#
#.......# ######
#.......# #.......#
#.......# #########


You could see a hornet and an adder.

Vanquished Creatures
  A black bear (D:4)
  Blork the orc (D:4)
  A bullfrog (D:5)
  An orc priest (D:3)
  An iguana (D:4)
  4 adders
  4 dart slugs
  3 ribbon worms
  4 orcs
  3 bats
  9 endoplasms
  3 giant cockroaches (D:4)
  6 hobgoblins
  7 jackals
  4 kobolds
  4 quokkas
  7 ball pythons
  4 frilled lizards
  9 goblins
  6 rats
82 creatures vanquished.

Notes
Turn   | Place    | Note
-------+----------+-------------------------------------------
     0 | D:1      | qw the Spriggan Hunter began the quest for the Orb.
     0 | D:1      | Reached XP level 1. HP: 10/10 MP: 2/2
     0 | D:1      | 0 ||| qw: Version: 0.3-a-160-g6735b56
     0 | D:1      | 0 ||| qw: Game counter: 4988
     0 | D:1      | 0 ||| qw: Melee chars always use a shield: true
     0 | D:1      | 0 ||| qw: God list: Okawaru
     0 | D:1      | 0 ||| qw: Allow faded altars: false
     0 | D:1      | 0 ||| qw: Do Orc after clearing Dungeon:15 true
     0 | D:1      | 0 ||| qw: Do second Lair branch before Depths: true
     0 | D:1      | 0 ||| qw: Lair rune preference: random
     0 | D:1      | 0 ||| qw: Goals: Normal
     0 | D:1      | 0 ||| PLANNING D:1-11
    69 | D:1      | Reached skill level 3 in Dodging
   100 | D:1      | Reached XP level 2. HP: 14/14 MP: 3/3
   567 | D:1      | Reached XP level 3. HP: 18/18 MP: 4/4
   640 | D:1      | 640 ||| DROPPING scroll of butterflies.
   855 | D:2      | Reached XP level 4. HP: 22/22 MP: 5/5
  1301 | D:2      | 1301 ||| READING scroll labelled WIULLA QICO.
  1305 | D:2      | 1305 ||| READING 2 scrolls labelled HALOTRU SYPUOKLAX.
  1305 | D:2      | 1305 ||| IDENTIFYING amethyst potion
  1306 | D:2      | 1306 ||| READING scroll of identify.
  1306 | D:2      | 1306 ||| IDENTIFYING 2 orange potions
  1307 | D:2      | 1307 ||| READING scroll labelled AFYFRE QIUDOAMM.
  1308 | D:2      | 1308 ||| READING scroll labelled ZECAENADUD.
  1308 | D:2      | 1308 ||| ENCHANTING +0 shortbow.
  1566 | D:3      | 1566 ||| READING scroll of identify.
  1566 | D:3      | 1566 ||| IDENTIFYING puce potion
  1567 | D:3      | 1567 ||| READING scroll labelled XOGEEGEEXE.
  1946 | D:3      | Found a faded altar of an unknown god.
  2054 | D:3      | Reached XP level 5. HP: 23/26 MP: 6/6
  2125 | D:3      | 2125 ||| UPGRADING to amulet of reflection.
  2191 | D:4      | Noticed a black bear
  2192 | D:4      | 2192 ||| DRINKING potion of haste.
  2200 | D:4      | Killed a black bear
  2201 | D:4      | Reached skill level 6 in Ranged Weapons
  2309 | D:4      | Found a glowing golden altar of the Shining One.
  2491 | D:4      | Reached XP level 6. HP: 22/30 MP: 7/7
  2620 | D:4      | Noticed Blork the orc
  2627 | D:4      | 2627 ||| FLEEEEING.
  2628 | D:4      | 2628 ||| FLEEEEING.
  2629 | D:4      | 2629 ||| FLEEEEING.
  2665 | D:4      | Killed Blork the orc
  2666 | D:4      | Reached skill level 6 in Dodging
  2673 | D:4      | Found a shimmering blue altar of Sif Muna.
  2902 | D:4      | 2902 ||| READING scroll labelled COUMNE HEOPS.
  3027 | D:5      | Entered Level 5 of the Dungeon
  3153 | D:5      | Noticed a hornet
  3154 | D:5      | 3154 ||| FLEEEEING.
  3155 | D:5      | 3155 ||| FLEEEEING.
  3156 | D:5      | 3156 ||| FLEEEEING.
  3157 | D:5      | 3157 ||| FLEEEEING.
  3158 | D:5      | 3158 ||| FLEEEEING.
  3165 | D:5      | HP: 7/30 [poisoned by a hornet]
  3165 | D:5      | Slain by a hornet

Levels and vault maps discovered:
D:1:      amcnicky_arrival_blooded_trapdoor, layout_loops_cross
D:2:      layout_loops_cross
D:3:      layout_loops_cross, shapermc_ecumenical_altar_mp_highgroup,
          minmay_puff
D:4:      layout_cave_pods, lemuel_crystal_altar, tgw_sif
D:5:      layout_basic, nicolae_nh_ransacked_shop

Skill      XL: |  1  2  3  4  5  6 |
---------------+-------------------+-----
Dodging        | 3 4 5 6 |  6.1
Ranged Weapons | 5 6 |  6.5
Fighting       | 2 |  2.0
Stealth        | |  1.5

Action                     |  1- 3 |  4- 6 || total
---------------------------+-------+-------++-------
   Fire: Shortbow          |    94 |   160 ||   254
    Use: Scroll            |       |     8 ||     8
         Potion            |       |     1 ||     1
 Armour: Robe              |     9 |    13 ||    22
  Dodge: Dodged            |    43 |    69 ||   112
  Block: Other             |       |     3 ||     3

Table legend:
 A = Non-vault XP
 B = Vault XP
 C = Vault XP percentage of total XP
 D = Non-vault monster count
 E = Vault monster count
 F = Vault count percentage of total count
                 A         B        C        D         E       F
            +---------+---------+-------+---------+---------+-------
      Total |     477 |     100 |  17.3 |      76 |       6 |   7.3
            +---------+---------+-------+---------+---------+-------
        D:1 |      44 |       0 |   0.0 |      25 |       0 |   0.0
        D:2 |      70 |       0 |   0.0 |      19 |       0 |   0.0
        D:3 |      88 |       9 |   9.3 |      18 |       5 |  21.7
        D:4 |     187 |      91 |  32.7 |      12 |       1 |   7.7
        D:5 |      88 |       0 |   0.0 |       2 |       0 |   0.0
            +---------+---------+-------+---------+---------+-------
